 Dungeon Crawl Stone Soup version 0.25-a0-614-g73ad250637 (webtiles) character file.

Game seed: 2541076279742912215, levelgen mode: deterministic

43 Lauz the Digger (level 3, -1/20 HPs)
             Began as a Deep Elf Earth Elementalist on Mar 17, 2020.
             Slain by a frilled lizard (2 damage)
             ... on level 2 of the Dungeon.
             The game lasted 00:04:32 (1164 turns).

Lauz the Digger (Deep Elf Earth Elementalist)       Turns: 1164, Time: 00:04:32

Health: -1/20      AC:  2    Str:  5    XL:     3   Next: 37%
Magic:  0/10       EV: 13    Int: 20    God:
Gold:   66         SH:  0    Dex: 15    Spells: 8/9 levels left

rFire    . . .     SeeInvis .   j - +0 short sword
rCold    . . .     Gourm    .   (no shield)
rNeg     . . .     Faith    .   c - +0 robe
rPois    .         Spirit   .   (no helmet)
rElec    .         Reflect  .   (no cloak)
rCorr    .         Harm     .   (no gloves)
MR       .....                  (no boots)
Stlth    ++........             (no amulet)
HPRegen  0.06/turn              (no ring)
MPRegen  0.12/turn              (no ring)

@: lethally poisoned (-1 -> -9), about to teleport
A: robust 1, subdued magic 1
a: no special abilities


You were on level 2 of the Dungeon.
You were hungry.

You visited 1 branch of the dungeon, and saw 2 of its levels.

You collected 66 gold pieces.

Inventory:

Hand Weapons
 j - a +0 short sword (weapon)
Missiles
 b - 4 stones (quivered)
Armour
 c - a +0 robe (worn)
Scrolls
 a - 2 scrolls of remove curse
 e - a scroll of identify
Comestibles
 d - 2 rations


   Skills:
 + Level 2.5 Dodging
 - Level 2.4 Stealth
 + Level 3.7 Spellcasting
   Level 1.1 Transmutations
 * Level 4.5 Earth Magic


You had 8 spell levels left.
You knew the following spells:

 Your Spells              Type           Power        Failure   Level  Hunger
a - Sandblast             Erth           ###...       1%          1    None

Your spell library contained the following spells:

 Spells                   Type           Power        Failure   Level  Hunger
 Passwall                 Tmut/Erth      ##......     4%          2    ##.....
 Stone Arrow              Conj/Erth      #.....       13%         3    ###....
 Petrify                  Tmut/Erth      ##......     34%         4    ####...
 Lee's Rapid Deconstruct  Erth           ###.......   45%         5    ######.


Dungeon Overview and Level Annotations

Branches:
Dungeon (2/15)

Altars:


Innate Abilities, Weirdness & Mutations

You are robust. (+10% HP)
Your spells are a little easier to cast, but a little less powerful.


Message History

The blast of sand hits the adder.
You kill the adder!
b - 4 stones
* * * LOW HITPOINT WARNING * * *
You feel sick.
Casting: Sandblast (safe; 1% risk of failure)
Confirm with . or Enter, or press ? or * to list all spells.
You don't have enough magic to cast that spell.
Unknown command.
As you read the scroll labeled TESAOFF VALISO, it crumbles to dust.
It is a scroll of identify.
a - 2 scrolls of remove curse
As you read the scroll labeled ZEUCLU HICK, it crumbles to dust.
You feel strangely unstable.
It was a scroll of teleportation.
* * * LOW HITPOINT WARNING * * *
You feel sick. The frilled lizard barely misses you.
As you read the scroll labeled YGISEL ESEENG, it crumbles to dust.
You feel aware of your surroundings.
You sensed 2 altars.
It was a scroll of magic mapping.
The frilled lizard bites you.
You die...

*,,,,,,*******,**,,,,,,,,,,*
*,,,,,,,,,,,,,,#*,#*****,,,*
*,,,,,,******,$##.* *,,,,,,,
*,*,,,** *,...,* *,******
**,***#########.#####*,*,,,,,
**,,,**#.....†%.......,,*,****
*,,*,,,,,****#..#,*******,* *
*,,,,***** ##l##*,** *,* *
*,*,,,,,,####@## **,## *,* *
*,******,#...## ##.# *,* * *,*
*,#.##.## *#.#* *,* * *,*
*,#.###.###..# *,* * *,* *,#)#
##.#.#.# *,* * *,* *,#.#
*#...#.#****,**** **,**
*,#.###.###..#*,,,,*,,,
***,,,** *,#....#*
##.#*,****,,, ,,,,,,,*
*,#####.###.##*,* **,,,


You could see a frilled lizard.

Vanquished Creatures
  2 adders (D:2)
  6 bats
  2 giant cockroaches (D:1)
  3 goblins
  2 hobgoblins (D:1)
  A frilled lizard (D:1)
  3 kobolds (D:1)
  6 rats
25 creatures vanquished.

Notes
Turn   | Place    | Note
-------+----------+-------------------------------------------
     0 | D:1      | Lauz the Deep Elf Earth Elementalist began the quest for
                  | the Orb.
     0 | D:1      | Reached XP level 1. HP: 10/10 MP: 6/6
   230 | D:1      | Reached XP level 2. HP: 15/15 MP: 6/8
   604 | D:1      | Reached skill level 4 in Earth Magic
  1153 | D:2      | Reached XP level 3. HP: 11/19 MP: 2/10
  1156 | D:2      | Gained mutation: Your spells are a little easier to cast,
                  | but a little less powerful. [potion of mutation]
  1156 | D:2      | Gained mutation: You are robust. (+10% HP) [potion of
                  | mutation]
  1163 | D:2      | HP: 1/20 [poisoned by an adder]
  1164 | D:2      | Slain by a frilled lizard

Levels and vault maps discovered:
D:1:      heliophobic_arrival_ceremonial_halls, layout_basic,
          minmay_tree_intersection
D:2:      layout_loops_ring, lemuel_doored_altar, first_ration,
          yredelemnul_altar_generic

Skill      XL: |  1  2 |
---------------+-------+-----
Earth Magic    | 4 |  4.5
Dodging        | |  2.5
Stealth        | |  2.4
Spellcasting   | |  3.7
Transmutations | |  1.1

Action                   || total
-------------------------++-------
 Cast: Sandblast         ||    43
  Use: Scroll            ||     3
       Potion            ||     3
Armor: Robe              ||     4
Dodge: Dodged            ||    13

Table legend:
 A = Non-vault XP
 B = Vault XP
 C = Vault XP percentage of total XP
 D = Non-vault monster count
 E = Vault monster count
 F = Vault count percentage of total count
                 A         B        C        D         E       F
            +---------+---------+-------+---------+---------+-------
      Total |      62 |       0 |   0.0 |      25 |       0 |   0.0
            +---------+---------+-------+---------+---------+-------
        D:1 |      31 |       0 |   0.0 |      20 |       0 |   0.0
        D:2 |      31 |       0 |   0.0 |       5 |       0 |   0.0
            +---------+---------+-------+---------+---------+-------
